[ AOE2 MATCH · #480146530 ]
Team RMTatars vs Spanish
[ REPLAY ANALYSIS · EXTRACTED FROM THE RECORDED GAME ]
Feudal
10:30
Castle
14:26
Imperial
30:21
| APM avg | 54.1 |
| APM peak | 102 |
| eAPM avg | 23.7 |
| Villagers / military | 202 / 170 |
Focus
⚔️ 34.7% · 🌾 65.3%
Cavalry Archer ×130 · Scout Cavalry ×25 · Keshik ×11 · Trebuchet (Packed) ×3 · Battering Ram ×1
Feudal
10:31
Castle
14:26
Imperial
50:19
| APM avg | 60.1 |
| APM peak | 111 |
| eAPM avg | 41.0 |
| Villagers / military | 266 / 135 |
Focus
⚔️ 36.8% · 🌾 63.2%
Leitis ×116 · Scout Cavalry ×15 · Monk ×3 · Mangonel ×1
Feudal
12:16
Castle
15:48
Imperial
46:50
| APM avg | 33.6 |
| APM peak | 64 |
| eAPM avg | 22.7 |
| Villagers / military | 168 / 301 |
Focus
⚔️ 44.9% · 🌾 55.1%
Woad Raider ×136 · Spearman ×90 · Battering Ram ×74 · Militia ×1
Feudal
10:09
Castle
13:53
Imperial
50:42
| APM avg | 48.4 |
| APM peak | 93 |
| eAPM avg | 31.7 |
| Villagers / military | 151 / 187 |
Focus
⚔️ 45.1% · 🌾 54.9%
Missionary ×164 · Cavalry Archer ×23
Match map
Initial resources + every placement click. Lines = walls · curves = elevation contours. ◆ gold · ⬟ stone · ● berries · ✦ relic · ◌ wall gap
Your base· ✓ Closed at 14:26 · 0t walls · 2 gate(s)
alexander's base· ✓ Closed at 14:26 · 0t walls · 2 gate(s)
Nyra's base· ✓ Closed at 15:48 · 0t walls · 2 gate(s)
HolyConqs's base· ✓ Closed at 13:53 · 0t walls · 2 gate(s)
Smoothed initial terrain · ◌ = detected wall gap · hover for details
Inputs per minute
— Mystic - - alexander
Build order — Mystic
First 150 of 582 actions detected
| 0:00 | Create | Villager (Male) |
| 0:01 | Create | Villager (Male) |
| 0:01 | Create | Villager (Male) |
| 0:01 | Create | Villager (Male) |
| 0:02 | Build | House |
| 0:03 | Build | House |
| 1:27 | Create | Villager (Male) |
| 1:43 | Build | Lumber Camp |
| 1:53 | Create | Villager (Male) |
| 2:27 | Create | Villager (Male) |
| 2:28 | Create | Villager (Male) |
| 3:17 | Create | Villager (Male) |
| 3:35 | Create | Villager (Male) |
| 3:42 | Build | House |
| 3:58 | Create | Villager (Male) |
| 3:59 | Create | Villager (Male) |
| 4:06 | Build | Mill |
| 4:40 | Create | Villager (Male) |
| 5:07 | Create | Villager (Male) |
| 5:37 | Build | House |
| 5:45 | Create | Villager (Male) |
| 6:06 | Create | Villager (Male) |
| 6:30 | Create | Villager (Male) |
| 6:47 | Create | Villager (Male) |
| 7:08 | Create | Villager (Male) |
| 7:33 | Create | Villager (Male) |
| 7:40 | Build | Farm |
| 8:00 | Build | Mining Camp |
| 8:13 | Build | House |
| 8:17 | Research | Feudal Age |
| 8:44 | Build | Barracks |
| 9:04 | Create | Villager (Male) |
| 9:04 | Create | Villager (Male) |
| 10:30 | Age | Feudal Age |
| 10:40 | Build | Archery Range |
| 10:59 | Build | Blacksmith |
| 11:21 | Create | Villager (Male) |
| 11:45 | Research | Castle Age |
| 11:57 | Research | Double-Bit Axe |
| 11:57 | Research | Double-Bit Axe |
| 12:04 | Build | House |
| 12:14 | Research | Fletching |
| 12:14 | Research | Fletching |
| 12:58 | Create | Villager (Male) |
| 13:14 | Research | Horse Collar |
| 13:14 | Research | Horse Collar |
| 14:26 | Age | Castle Age |
| 14:28 | Build | Town Center |
| 14:29 | Create | Cavalry Archer |
| 14:30 | Create | Cavalry Archer |
| 14:37 | Research | Bodkin Arrow |
| 14:37 | Create | Villager (Male) |
| 14:50 | Build | Farm |
| 14:51 | Build | Farm |
| 14:52 | Build | Farm |
| 14:54 | Build | Farm |
| 15:04 | Create | Villager (Male) |
| 15:06 | Create | Cavalry Archer |
| 15:36 | Build | Farm |
| 15:38 | Build | Farm |
| 15:38 | Create | Cavalry Archer |
| 15:46 | Create | Villager (Male) |
| 15:50 | Build | House |
| 15:52 | Build | House |
| 16:00 | Create | Cavalry Archer |
| 16:24 | Create | Villager (Male) |
| 16:44 | Create | Cavalry Archer |
| 16:47 | Create | Villager (Male) |
| 16:51 | Build | Farm |
| 17:06 | Create | Villager (Male) |
| 17:10 | Build | House |
| 17:13 | Build | Market |
| 17:14 | Create | Villager (Male) |
| 17:32 | Create | Cavalry Archer |
| 17:56 | Create | Villager (Male) |
| 17:56 | Create | Villager (Male) |
| 18:07 | Create | Villager (Male) |
| 18:10 | Create | Villager (Male) |
| 18:18 | Create | Cavalry Archer |
| 18:19 | Create | Cavalry Archer |
| 18:23 | Create | Villager (Male) |
| 18:46 | Create | Villager (Male) |
| 18:46 | Create | Villager (Male) |
| 19:00 | Create | Cavalry Archer |
| 19:02 | Create | Villager (Male) |
| 19:06 | Build | Town Center |
| 19:19 | Create | Villager (Male) |
| 19:28 | Create | Villager (Male) |
| 19:29 | Create | Villager (Male) |
| 19:53 | Create | Cavalry Archer |
| 20:02 | Create | Cavalry Archer |
| 20:03 | Create | Villager (Male) |
| 20:03 | Create | Villager (Male) |
| 20:06 | Build | Archery Range |
| 20:10 | Build | Farm |
| 20:10 | Build | Farm |
| 20:41 | Create | Villager (Male) |
| 20:42 | Create | Villager (Male) |
| 20:57 | Create | Cavalry Archer |
| 21:00 | Create | Villager (Male) |
| 21:03 | Build | Farm |
| 21:04 | Build | Farm |
| 21:05 | Build | Farm |
| 21:06 | Build | Farm |
| 21:11 | Create | Villager (Male) |
| 21:13 | Build | Farm |
| 21:25 | Create | Villager (Male) |
| 21:25 | Create | Villager (Male) |
| 21:34 | Create | Villager (Male) |
| 21:42 | Create | Villager (Male) |
| 21:45 | Create | Cavalry Archer |
| 21:54 | Build | House |
| 21:59 | Create | Villager (Male) |
| 22:01 | Build | House |
| 22:02 | Build | House |
| 22:02 | Build | House |
| 22:06 | Create | Villager (Male) |
| 22:08 | Build | Farm |
| 22:08 | Build | Farm |
| 22:11 | Build | Farm |
| 22:20 | Create | Cavalry Archer |
| 22:20 | Create | Cavalry Archer |
| 22:22 | Create | Villager (Male) |
| 22:22 | Create | Villager (Male) |
| 22:28 | Research | Bow Saw |
| 22:34 | Build | Farm |
| 22:36 | Create | Villager (Male) |
| 22:44 | Create | Villager (Male) |
| 22:56 | Create | Villager (Male) |
| 22:56 | Create | Villager (Male) |
| 23:03 | Create | Villager (Male) |
| 23:17 | Build | Mining Camp |
| 23:21 | Build | House |
| 23:23 | Build | Farm |
| 23:25 | Build | House |
| 23:25 | Build | House |
| 23:29 | Create | Villager (Male) |
| 23:29 | Create | Villager (Male) |
| 23:41 | Create | Villager (Male) |
| 23:47 | Create | Villager (Male) |
| 23:52 | Build | Farm |
| 23:53 | Build | Farm |
| 23:53 | Build | Farm |
| 23:54 | Build | Farm |
| 23:55 | Build | Farm |
| 23:56 | Build | Farm |
| 24:10 | Create | Villager (Male) |
| 24:18 | Create | Villager (Male) |
| 24:18 | Create | Villager (Male) |
| 24:38 | Create | Villager (Male) |
Build order — alexander
First 150 of 639 actions detected
| 0:00 | Create | Villager (Male) |
| 0:01 | Build | House |
| 0:02 | Build | House |
| 0:04 | Create | Villager (Male) |
| 0:13 | Create | Villager (Male) |
| 0:13 | Create | Villager (Male) |
| 0:21 | Create | Villager (Male) |
| 0:23 | Create | Villager (Male) |
| 1:52 | Create | Villager (Male) |
| 2:05 | Create | Villager (Male) |
| 2:06 | Create | Villager (Male) |
| 2:06 | Create | Villager (Male) |
| 2:13 | Build | Lumber Camp |
| 3:25 | Create | Villager (Male) |
| 3:28 | Create | Villager (Male) |
| 3:34 | Create | Villager (Male) |
| 3:34 | Create | Villager (Male) |
| 3:45 | Create | Villager (Male) |
| 3:49 | Build | House |
| 3:50 | Build | House |
| 4:03 | Create | Villager (Male) |
| 4:29 | Create | Villager (Male) |
| 4:32 | Build | Mill |
| 4:46 | Create | Villager (Male) |
| 4:55 | Create | Villager (Male) |
| 4:55 | Create | Villager (Male) |
| 4:56 | Create | Villager (Male) |
| 5:11 | Create | Villager (Male) |
| 5:13 | Build | Farm |
| 5:46 | Create | Villager (Male) |
| 5:52 | Build | Farm |
| 6:22 | Create | Villager (Male) |
| 6:24 | Build | Farm |
| 7:18 | Create | Villager (Male) |
| 8:06 | Build | Mining Camp |
| 8:12 | Research | Feudal Age |
| 8:12 | Research | Feudal Age |
| 9:35 | Build | Barracks |
| 9:42 | Build | House |
| 10:07 | Create | Villager (Male) |
| 10:07 | Create | Villager (Male) |
| 10:31 | Age | Feudal Age |
| 10:33 | Build | Stable |
| 10:58 | Build | Market |
| 11:00 | Create | Villager (Male) |
| 11:45 | Research | Castle Age |
| 11:47 | Research | Double-Bit Axe |
| 11:54 | Build | Farm |
| 12:03 | Create | Scout Cavalry |
| 12:17 | Build | Farm |
| 12:34 | Create | Villager (Male) |
| 12:37 | Build | House |
| 12:38 | Build | House |
| 12:45 | Create | Scout Cavalry |
| 12:49 | Build | Farm |
| 13:03 | Build | Farm |
| 13:13 | Create | Scout Cavalry |
| 13:34 | Create | Villager (Male) |
| 13:35 | Build | Farm |
| 13:45 | Create | Scout Cavalry |
| 13:55 | Research | Horse Collar |
| 14:13 | Create | Scout Cavalry |
| 14:26 | Age | Castle Age |
| 14:27 | Build | Monastery |
| 14:28 | Create | Villager (Male) |
| 14:46 | Create | Villager (Male) |
| 14:48 | Create | Villager (Male) |
| 15:03 | Create | Monk |
| 15:17 | Build | Farm |
| 15:18 | Build | Farm |
| 15:18 | Build | Farm |
| 15:19 | Create | Villager (Male) |
| 15:23 | Research | Light Cavalry (upgrade) |
| 15:24 | Research | Light Cavalry (upgrade) |
| 15:44 | Create | Villager (Male) |
| 16:04 | Build | Lumber Camp |
| 16:06 | Create | Villager (Male) |
| 16:12 | Create | Monk |
| 16:20 | Create | Villager (Male) |
| 16:28 | Create | Villager (Male) |
| 16:48 | Create | Villager (Male) |
| 16:51 | Build | Town Center |
| 17:02 | Create | Villager (Male) |
| 17:17 | Research | Wheelbarrow |
| 17:17 | Research | Wheelbarrow |
| 17:20 | Create | Villager (Male) |
| 17:34 | Create | Monk |
| 17:36 | Create | Villager (Male) |
| 17:38 | Build | Town Center |
| 17:52 | Create | Villager (Male) |
| 18:04 | Create | Villager (Male) |
| 18:10 | Research | Wheelbarrow |
| 18:10 | Research | Wheelbarrow |
| 18:13 | Build | House |
| 18:14 | Build | House |
| 18:15 | Build | House |
| 18:20 | Create | Villager (Male) |
| 18:20 | Create | Villager (Male) |
| 18:20 | Create | Villager (Male) |
| 18:20 | Create | Villager (Male) |
| 18:28 | Create | Villager (Male) |
| 18:30 | Create | Villager (Male) |
| 18:31 | Build | Farm |
| 18:32 | Build | Farm |
| 18:50 | Create | Villager (Male) |
| 18:53 | Build | Farm |
| 18:54 | Build | Farm |
| 18:54 | Create | Villager (Male) |
| 18:58 | Create | Villager (Male) |
| 18:59 | Create | Villager (Male) |
| 19:02 | Build | Farm |
| 19:24 | Create | Villager (Male) |
| 19:25 | Create | Villager (Male) |
| 19:28 | Build | Lumber Camp |
| 19:48 | Research | Husbandry |
| 19:49 | Create | Villager (Male) |
| 19:54 | Create | Villager (Male) |
| 20:10 | Create | Villager (Male) |
| 20:14 | Build | Farm |
| 20:14 | Build | Farm |
| 20:14 | Build | Farm |
| 20:26 | Create | Scout Cavalry |
| 20:33 | Create | Villager (Male) |
| 20:47 | Create | Villager (Male) |
| 20:47 | Create | Villager (Male) |
| 20:50 | Build | Farm |
| 20:50 | Build | Farm |
| 20:50 | Build | Farm |
| 20:50 | Build | Farm |
| 20:50 | Build | Farm |
| 20:51 | Build | Farm |
| 20:51 | Build | Farm |
| 20:51 | Build | Farm |
| 21:01 | Create | Scout Cavalry |
| 21:13 | Create | Villager (Male) |
| 21:14 | Create | Villager (Male) |
| 21:14 | Create | Villager (Male) |
| 21:18 | Create | Villager (Male) ×5 |
| 21:18 | Create | Villager (Male) |
| 21:19 | Create | Villager (Male) |
| 21:24 | Build | Town Center |
| 21:29 | Create | Scout Cavalry |
| 21:36 | Create | Villager (Male) |
| 21:36 | Create | Villager (Male) |
| 21:37 | Create | Villager (Male) |
| 21:41 | Create | Scout Cavalry |
| 21:50 | Create | Scout Cavalry |
| 21:57 | Create | Villager (Male) |
| 21:59 | Create | Scout Cavalry |
| 22:01 | Create | Villager (Male) |
Build order — Nyra
First 150 of 655 actions detected
| 0:00 | Create | Villager (Male) |
| 0:01 | Create | Villager (Male) |
| 0:01 | Create | Villager (Male) |
| 0:02 | Build | House |
| 0:03 | Build | House |
| 0:20 | Create | Villager (Male) |
| 1:26 | Create | Villager (Male) |
| 1:44 | Build | Lumber Camp |
| 2:01 | Create | Villager (Male) |
| 2:25 | Create | Villager (Male) |
| 2:51 | Create | Villager (Male) |
| 3:04 | Create | Villager (Male) |
| 3:26 | Build | House |
| 3:27 | Build | House |
| 3:27 | Build | House |
| 3:36 | Create | Villager (Male) |
| 3:50 | Create | Villager (Male) |
| 4:22 | Create | Villager (Male) |
| 4:58 | Create | Villager (Male) |
| 5:01 | Build | Mill |
| 5:31 | Create | Villager (Male) |
| 5:31 | Create | Villager (Male) |
| 5:50 | Create | Villager (Male) |
| 5:55 | Create | Villager (Male) |
| 6:24 | Build | Lumber Camp |
| 6:26 | Create | Villager (Male) |
| 6:35 | Create | Villager (Male) |
| 6:39 | Create | Villager (Male) |
| 6:46 | Create | Villager (Male) |
| 6:53 | Create | Villager (Male) |
| 7:39 | Build | Mining Camp |
| 7:47 | Create | Villager (Male) |
| 8:11 | Create | Villager (Male) |
| 9:19 | Build | Mining Camp |
| 9:52 | Research | Feudal Age |
| 10:01 | Build | Farm |
| 10:02 | Build | Farm |
| 10:04 | Build | Farm |
| 10:05 | Build | Farm |
| 10:07 | Build | Farm |
| 10:08 | Build | Farm |
| 10:11 | Build | Farm |
| 10:26 | Build | Farm |
| 10:49 | Build | Farm |
| 11:26 | Create | Villager (Male) |
| 11:27 | Create | Villager (Male) |
| 12:16 | Age | Feudal Age |
| 12:17 | Build | Market |
| 12:21 | Build | Blacksmith |
| 13:08 | Research | Castle Age |
| 13:45 | Research | Horse Collar |
| 14:05 | Research | Double-Bit Axe |
| 14:31 | Research | Gold Mining |
| 14:52 | Create | Villager (Male) |
| 14:53 | Create | Villager (Male) |
| 15:18 | Create | Villager (Male) |
| 15:33 | Build | House |
| 15:41 | Create | Villager (Male) |
| 15:48 | Age | Castle Age |
| 15:50 | Build | Castle |
| 16:08 | Build | Siege Workshop |
| 16:11 | Create | Villager (Male) |
| 16:51 | Create | Woad Raider |
| 16:52 | Create | Woad Raider |
| 16:52 | Create | Woad Raider |
| 17:12 | Build | Siege Workshop |
| 17:18 | Create | Woad Raider |
| 17:18 | Create | Woad Raider |
| 17:18 | Create | Woad Raider |
| 17:18 | Create | Woad Raider |
| 17:19 | Create | Woad Raider |
| 17:26 | Create | Villager (Male) |
| 17:31 | Create | Woad Raider |
| 17:31 | Create | Woad Raider |
| 17:31 | Create | Woad Raider |
| 17:56 | Create | Woad Raider |
| 17:56 | Create | Woad Raider |
| 17:58 | Create | Battering Ram |
| 17:58 | Create | Battering Ram |
| 17:58 | Create | Battering Ram |
| 17:58 | Create | Battering Ram |
| 18:18 | Create | Villager (Male) |
| 18:24 | Create | Woad Raider |
| 18:46 | Create | Woad Raider |
| 18:51 | Build | Farm |
| 18:59 | Create | Battering Ram |
| 18:59 | Create | Battering Ram |
| 19:01 | Create | Woad Raider |
| 19:01 | Create | Woad Raider |
| 19:01 | Create | Woad Raider |
| 19:16 | Build | Farm |
| 19:16 | Create | Villager (Male) |
| 19:25 | Create | Battering Ram |
| 19:25 | Create | Battering Ram |
| 19:36 | Create | Woad Raider |
| 19:36 | Create | Woad Raider |
| 19:51 | Create | Villager (Male) |
| 20:08 | Create | Battering Ram |
| 20:08 | Create | Battering Ram |
| 20:09 | Create | Woad Raider |
| 20:10 | Create | Woad Raider |
| 20:11 | Build | Farm |
| 20:12 | Build | Farm |
| 20:44 | Create | Villager (Male) |
| 20:49 | Create | Woad Raider |
| 20:49 | Create | Woad Raider |
| 21:09 | Create | Villager (Male) |
| 21:15 | Build | House |
| 21:25 | Create | Villager (Male) |
| 21:31 | Create | Woad Raider |
| 21:31 | Create | Woad Raider |
| 21:32 | Create | Woad Raider |
| 21:33 | Build | Farm |
| 21:56 | Create | Woad Raider |
| 21:56 | Create | Woad Raider |
| 22:10 | Create | Battering Ram |
| 22:12 | Create | Woad Raider |
| 22:12 | Create | Woad Raider |
| 22:12 | Create | Woad Raider |
| 22:16 | Build | House |
| 22:16 | Build | House |
| 22:29 | Build | House |
| 22:33 | Create | Woad Raider |
| 22:33 | Create | Woad Raider |
| 22:54 | Create | Villager (Male) |
| 23:01 | Create | Villager (Male) |
| 23:07 | Build | Farm |
| 23:19 | Create | Woad Raider |
| 23:19 | Create | Woad Raider |
| 23:23 | Create | Villager (Male) |
| 23:24 | Build | Farm |
| 23:42 | Build | Farm |
| 23:57 | Create | Woad Raider |
| 23:57 | Create | Woad Raider |
| 24:00 | Create | Villager (Male) |
| 24:04 | Build | House |
| 24:05 | Build | House |
| 24:05 | Build | House |
| 24:07 | Create | Battering Ram |
| 24:22 | Create | Woad Raider |
| 24:22 | Create | Woad Raider |
| 24:28 | Create | Villager (Male) |
| 24:58 | Create | Villager (Male) |
| 25:02 | Build | Lumber Camp |
| 25:08 | Create | Woad Raider |
| 25:08 | Create | Woad Raider |
| 25:09 | Create | Woad Raider |
| 25:18 | Build | House |
| 25:26 | Create | Woad Raider |
| 25:26 | Create | Woad Raider |
Build order — HolyConqs
First 150 of 521 actions detected
| 0:00 | Create | Villager (Male) |
| 0:01 | Create | Villager (Male) |
| 0:03 | Build | House |
| 0:04 | Build | House |
| 0:12 | Create | Villager (Male) |
| 0:15 | Create | Villager (Male) |
| 1:23 | Create | Villager (Male) |
| 1:41 | Build | Lumber Camp |
| 2:03 | Create | Villager (Male) |
| 2:28 | Create | Villager (Male) |
| 3:10 | Create | Villager (Male) |
| 3:37 | Create | Villager (Male) |
| 3:45 | Create | Villager (Male) |
| 3:45 | Create | Villager (Male) |
| 3:57 | Build | House |
| 3:58 | Build | House |
| 4:05 | Build | House |
| 4:17 | Build | House |
| 4:39 | Create | Villager (Male) |
| 4:39 | Create | Villager (Male) |
| 4:39 | Create | Villager (Male) |
| 4:40 | Create | Villager (Male) |
| 4:40 | Create | Villager (Male) |
| 5:12 | Create | Villager (Male) |
| 5:19 | Create | Villager (Male) |
| 5:38 | Build | Mill |
| 5:50 | Create | Villager (Male) |
| 5:51 | Create | Villager (Male) |
| 6:25 | Create | Villager (Male) |
| 6:26 | Create | Villager (Male) |
| 6:37 | Create | Villager (Male) |
| 6:37 | Create | Villager (Male) |
| 6:45 | Create | Villager (Male) |
| 7:18 | Build | Farm |
| 7:27 | Create | Villager (Male) |
| 7:41 | Build | Farm |
| 7:46 | Create | Villager (Male) |
| 7:59 | Research | Feudal Age |
| 8:11 | Build | Lumber Camp |
| 8:27 | Create | Villager (Male) |
| 9:59 | Create | Villager (Male) |
| 10:09 | Age | Feudal Age |
| 10:13 | Build | Market |
| 10:22 | Build | Blacksmith |
| 11:13 | Research | Castle Age |
| 11:26 | Build | Mining Camp |
| 11:44 | Build | Farm |
| 12:07 | Build | Farm |
| 12:15 | Research | Double-Bit Axe |
| 12:33 | Build | Farm |
| 12:56 | Research | Horse Collar |
| 13:17 | Research | Gold Mining |
| 13:35 | Research | Loom |
| 13:53 | Age | Castle Age |
| 13:56 | Build | Monastery |
| 13:58 | Create | Villager (Male) |
| 14:22 | Build | Monastery |
| 14:23 | Create | Missionary |
| 14:26 | Create | Villager (Male) |
| 14:50 | Create | Villager (Male) |
| 14:52 | Create | Villager (Male) |
| 14:58 | Create | Missionary |
| 15:18 | Create | Villager (Male) |
| 15:23 | Build | House |
| 15:24 | Build | House |
| 15:26 | Create | Villager (Male) |
| 15:32 | Create | Villager (Male) |
| 16:04 | Research | Fervor |
| 16:04 | Create | Villager (Male) |
| 16:06 | Research | Scale Barding Armor |
| 16:31 | Build | Farm |
| 16:32 | Build | Farm |
| 16:32 | Build | Farm |
| 16:32 | Build | Farm |
| 16:32 | Build | Farm |
| 16:32 | Build | Farm |
| 16:49 | Create | Villager (Male) |
| 16:49 | Create | Missionary |
| 17:03 | Build | Farm |
| 17:04 | Build | Farm |
| 17:05 | Build | Farm |
| 17:12 | Create | Villager (Male) |
| 17:27 | Build | Farm |
| 17:50 | Research | Sanctity |
| 18:03 | Research | Chain Barding Armor |
| 18:03 | Research | Chain Barding Armor |
| 18:04 | Research | Chain Barding Armor |
| 18:14 | Build | Mining Camp |
| 18:16 | Build | House |
| 18:16 | Build | House |
| 18:16 | Build | House |
| 18:16 | Build | House |
| 18:19 | Create | Missionary |
| 18:31 | Create | Villager (Male) |
| 18:38 | Create | Villager (Male) |
| 18:52 | Create | Missionary |
| 18:53 | Create | Villager (Male) |
| 19:02 | Create | Villager (Male) |
| 19:08 | Build | Barracks |
| 19:10 | Create | Missionary |
| 19:18 | Build | Monastery |
| 19:23 | Create | Villager (Male) |
| 19:30 | Create | Missionary |
| 19:32 | Create | Villager (Male) |
| 19:51 | Create | Missionary |
| 20:01 | Create | Missionary |
| 20:22 | Create | Missionary |
| 20:27 | Create | Villager (Male) |
| 20:37 | Create | Missionary |
| 20:50 | Create | Villager (Male) |
| 20:54 | Build | Monastery |
| 20:54 | Create | Villager (Male) |
| 21:12 | Create | Villager (Male) |
| 21:15 | Create | Missionary |
| 21:15 | Create | Missionary |
| 21:15 | Create | Villager (Male) |
| 21:51 | Create | Villager (Male) |
| 22:10 | Research | Bow Saw |
| 22:16 | Build | Barracks |
| 22:20 | Build | House |
| 22:20 | Build | House |
| 22:20 | Build | House |
| 22:20 | Build | House |
| 22:20 | Build | House |
| 22:21 | Build | House |
| 22:30 | Create | Missionary |
| 22:30 | Create | Missionary |
| 22:36 | Build | House |
| 22:36 | Build | House |
| 22:36 | Build | House |
| 22:36 | Build | House |
| 22:37 | Build | House |
| 22:51 | Create | Missionary |
| 22:52 | Create | Missionary |
| 23:06 | Build | Stable |
| 23:13 | Create | Villager (Male) |
| 23:21 | Create | Missionary |
| 23:21 | Create | Missionary |
| 23:33 | Create | Missionary |
| 23:45 | Build | Mining Camp |
| 23:46 | Create | Villager (Male) |
| 23:50 | Research | Bloodlines |
| 23:51 | Research | Husbandry |
| 23:52 | Create | Villager (Male) |
| 24:19 | Create | Missionary |
| 24:19 | Create | Missionary |
| 24:37 | Create | Missionary |
| 24:37 | Create | Missionary |
| 24:37 | Create | Missionary |
| 24:51 | Create | Missionary |
Match timeline
| 8:44 | Mystic · first_building Barracks |
| 9:35 | alexander · first_building Barracks |
| 10:09 | HolyConqs · age_up feudal |
| 10:30 | Mystic · age_up feudal |
| 10:31 | alexander · age_up feudal |
| 10:33 | alexander · first_building Stable |
| 10:40 | Mystic · first_building Archery Range |
| 11:00 | HolyConqs · first_market_sell 100 stone |
| 12:16 | Nyra · age_up feudal |
| 13:53 | HolyConqs · age_up castle |
| 13:56 | HolyConqs · first_building Monastery |
| 14:26 | alexander · age_up castle |
| 14:26 | Mystic · age_up castle |
| 14:27 | alexander · first_building Monastery |
| 15:48 | Nyra · age_up castle |
| 15:50 | Nyra · first_building Castle |
| 16:08 | Nyra · first_building Siege Workshop |
| 19:08 | HolyConqs · first_building Barracks |
| 20:48 | Nyra · first_market_buy 100 food |
| 21:17 | alexander · first_market_buy 100 food |
| 21:21 | Mystic · first_market_buy 100 food |
| 22:14 | HolyConqs · first_market_buy 100 wood |
| 23:06 | HolyConqs · first_building Stable |
| 25:13 | Mystic · first_building Stable |
| 25:14 | alexander · first_building Castle |
| 25:19 | alexander · first_building Siege Workshop |
| 25:35 | alexander · wall_segment Stone Wall x4 |
| 25:37 | alexander · wall_segment Stone Wall x3 |
| 25:43 | alexander · wall_segment Stone Wall x2 |
| 25:54 | alexander · wall_segment Stone Wall x2 |
| 26:01 | alexander · wall_segment Stone Wall x5 |
| 26:02 | alexander · wall_segment Stone Wall x4 |
| 26:04 | alexander · wall_segment Stone Wall x2 |
| 26:41 | Mystic · first_building Monastery |
| 26:41 | alexander · wall_segment Stone Wall x1 |
| 26:53 | alexander · wall_segment Stone Wall x1 |
| 27:03 | alexander · wall_segment Stone Wall x4 |
| 27:12 | alexander · wall_segment Stone Wall x1 |
| 27:13 | alexander · wall_segment Stone Wall x1 |
| 27:37 | Mystic · first_market_sell 100 wood |
| 29:46 | Mystic · first_building Castle |
| 30:21 | Mystic · age_up imperial |
| 31:25 | HolyConqs · first_building Castle |
| 32:12 | HolyConqs · first_building Siege Workshop |
| 34:23 | Mystic · tribute_sent a jugador 1 |
| 34:23 | Mystic · tribute_sent a jugador 2 |
| 34:23 | Mystic · tribute_sent a jugador 4 |
| 34:34 | Nyra · tribute_sent a jugador 1 |
| 34:34 | Nyra · tribute_sent a jugador 3 |
| 34:34 | Nyra · tribute_sent a jugador 4 |
| 34:38 | alexander · wall_segment Stone Wall x4 |
| 34:39 | alexander · wall_segment Stone Wall x3 |
| 36:41 | Mystic · tribute_sent a jugador 1 |
| 36:41 | Mystic · tribute_sent a jugador 2 |
| 36:41 | Mystic · tribute_sent a jugador 4 |
| 37:40 | Mystic · tribute_sent a jugador 1 |
| 37:40 | Mystic · tribute_sent a jugador 2 |
| 37:40 | Mystic · tribute_sent a jugador 4 |
| 37:57 | HolyConqs · wall_segment Stone Wall x1 |
| 39:08 | alexander · first_market_sell 100 food |
| 42:12 | Nyra · first_building Barracks |
| 43:24 | Nyra · first_market_sell 100 wood |
| 46:18 | Nyra · wall_segment Stone Wall x3 |
| 46:45 | Mystic · wall_segment Stone Wall x1 |
| 46:50 | Nyra · age_up imperial |
| 47:33 | alexander · wall_segment Stone Wall x5 |
| 47:37 | alexander · wall_segment Stone Wall x6 |
| 47:49 | Mystic · first_building Siege Workshop |
| 47:56 | alexander · wall_segment Stone Wall x5 |
| 50:19 | alexander · age_up imperial |
| 50:42 | HolyConqs · age_up imperial |
| 53:51 | Nyra · tribute_sent a jugador 1 |
| 53:51 | Nyra · tribute_sent a jugador 3 |
| 53:51 | Nyra · tribute_sent a jugador 4 |
| 54:03 | Nyra · tribute_sent a jugador 1 |
| 54:03 | Nyra · tribute_sent a jugador 3 |
| 54:03 | Nyra · tribute_sent a jugador 4 |
| 54:07 | HolyConqs · first_building Archery Range |
| 54:38 | alexander · resign |
[ AI ANALYSIS · 1 CREDIT ]
What really happened in this match?
Wolo.gg analyzes every decision: build order, eco, micro, common mistakes by bracket. Personalized analysis on WhatsApp or Discord in 30 seconds.
Civ guide
Tatars
Map guide
Arena
Perfil
Mystic